 Dungeon Crawl Stone Soup version 0.22.1-1-ga44c0e5 (webtiles) character file.

120 Irenicus the Chopper (level 4, 0/41 (42) HPs)
             Began as a Deep Dwarf Monk on Oct 5, 2018.
             Slain by a hobgoblin
             ... wielding a +0 trident
              (5 damage)
             ... on level 3 of the Dungeon.
             The game lasted 00:06:50 (1331 turns).

Irenicus the Chopper (Deep Dwarf Monk)              Turns: 1331, Time: 00:06:51

HP:   0/41 (42)     AC:  2    Str: 14    XL:     4   Next: 75%
MP:   2/2           EV: 13    Int: 12    God:
Gold: 92            SH:  0    Dex: 15    Spells: 3/3 levels left

rFire    x . .     SeeInvis .   a - +0 hand axe
rCold    + . .     Gourm    .   (no shield)
rNeg     . . .     Faith    .   b - +0 robe
rPois    .         Spirit   .   (no helmet)
rElec    .         Reflect  .   (no cloak)
rCorr    .         Harm     .   (no gloves)
MR       .....                  (no boots)
Stlth    ++........             (no amulet)
HPRegen  0.00/turn              l - ring of ice {rC+, rF-}
MPRegen  0.08/turn              m - ring of flight {+Fly, !d}

@: non-regenerating, drained
A: damage resistance, heal wounds, sense surroundings 1, no regeneration
a: Heal Wounds, Evoke Flight


You were on level 3 of the Dungeon.
You were hungry.

You visited 1 branch of the dungeon, and saw 3 of its levels.

You collected 92 gold pieces.

Inventory:

Hand Weapons
 a - a +0 hand axe (weapon)
Armour
 b - a +0 robe (worn)
 f - a +0 buckler
   (You found it on level 1 of the Dungeon)
Jewellery
 i - an uncursed amulet of harm
   (You found it on level 2 of the Dungeon)
 l - a ring of ice (left hand) {rC+, rF-}
   (You found it on level 3 of the Dungeon)
 m - a ring of flight (right hand) {+Fly, !d}
   (You found it on level 3 of the Dungeon)
Scrolls
 d - 3 scrolls of remove curse
 g - a scroll of identify {unknown}
 h - a scroll of magic mapping {unknown}
Potions
 e - 2 potions of curing {unknown}
 j - a potion of lignification {unknown}
 k - a potion of might {unknown}
Comestibles
 c - 2 rations


   Skills:
 - Level 3.0(2.1) Fighting
 + Level 5.3(4.4) Axes
 - Level 3.6(2.7) Dodging
 - Level 3.1(2.2) Stealth


You had 3 spell levels left.
You didn't know any spells.
Your spell library was empty.

Dungeon Overview and Level Annotations

Branches:
Dungeon (3/15)

Altars:

Annotations:
D:2 exclusion: Terence, Terence


Innate Abilities, Weirdness & Mutations

You are resistant to damage.
You can heal yourself by infusing magical energy.
You passively map a small area around you.
You do not regenerate.


Message History

The leopard gecko hisses angrily.
Found a stone staircase leading down.
The hobgoblin hits you with a club.
* * * LOW HITPOINT WARNING * * *
You take 5 damage, and have 1/42 hp.
You closely miss the hobgoblin.
The hobgoblin hits you but does no damage.
You feel much better. The hobgoblin hits you with a club.
You regained 26 hp, and now have 27/42 hp.
You hit the hobgoblin. You closely miss the leopard gecko.
The leopard gecko completely misses you.
The hobgoblin hits you with a club.
You take 2 damage, and have 25/42 hp.
You barely miss the hobgoblin. You miss the leopard gecko.
The leopard gecko closely misses you.
The hobgoblin hits you but does no damage.
You closely miss the leopard gecko. You hit the hobgoblin.
The leopard gecko bites you. x2; The hobgoblin misses you.
You take 2 damage, and have 23/42 hp.
You completely miss the leopard gecko. You barely miss the hobgoblin.
The leopard gecko bites you. The hobgoblin misses you.
You take 3 damage, and have 20/42 hp.
You slash the hobgoblin!
You kill the hobgoblin!
You hit the leopard gecko. The leopard gecko bites you.
You take 1 damage, and have 19/42 hp.
You hit the leopard gecko.
You kill the leopard gecko!
Things that are here:
a club; a scroll labeled BOXEGA ACICZUTZ
Things that are here:
a club; a scroll labeled BOXEGA ACICZUTZ
Okay, then.
As you read the scroll labeled BOXEGA ACICZUTZ, it crumbles to dust.
You feel blessed for a moment.
It was a scroll of remove curse.
A quokka and a necrophage come into view.
A hobgoblin comes into view. It is wielding a trident.
The hobgoblin shouts!
You hear an angry hiss.
You hear a shout!
You barely miss the quokka. The quokka bites you.
You closely miss the quokka. You barely miss the necrophage.
The quokka closely misses you. The necrophage hits you. The quokka bites you.
* * * LOW HITPOINT WARNING * * *
The necrophage barely misses you.
You take 8 damage, and have 11/42 hp.
You fail to use your ability.
The hobgoblin misses you. The quokka bites you.
An adder comes into view.
The necrophage closely misses you.
You feel much better.
The quokka bites you but does no damage.
The hobgoblin hits you from afar with a trident.
The necrophage barely misses you.
You regained 23 hp, and now have 34/42 hp.
You closely miss the quokka.
You hit the necrophage but do no damage.
The quokka closely misses you. The hobgoblin closely misses you.
The necrophage hits you but does no damage.
You slash the quokka!
You kill the quokka!
You closely miss the necrophage.
The hobgoblin hits you from afar with a trident!
An orc comes into view. It is wielding a hand axe.
The necrophage barely misses you.
You take 5 damage, and have 29/42 hp.
The orc shouts!
You slash the necrophage!
An orc comes into view. It is wielding a mace.
The hobgoblin closely misses you. The necrophage hits you.
You closely miss the adder. You hit the necrophage.
The hobgoblin closely misses you. The adder bites you. The necrophage hits you.
You feel your flesh rotting away!
An orc comes into view. It is wielding a dagger.
You take 7 damage, and have 22/41 hp.
You closely miss the adder. You hit the necrophage.
The adder bites you but does no damage.
The hobgoblin hits you from afar with a trident.
The necrophage barely misses you.
You take 4 damage, and have 18/41 hp.
You closely miss the adder.
You hit the necrophage but do no damage.
The adder bites you but does no damage.
An orc comes into view. It is wielding a hand axe.
The necrophage hits you. The hobgoblin misses you. The adder bites you.
You take 2 damage, and have 16/41 hp.
You closely miss the adder. You hit the necrophage.
The necrophage hits you but does no damage.
The adder misses you.
The hobgoblin hits you from afar with a trident!
* * * LOW HITPOINT WARNING * * *
You take 9 damage, and have 7/41 hp.
MASSIVE DAMAGE!!
You aren't carrying any items that you can evoke.
You hit the adder.
You hit the necrophage but do no damage.
The adder bites you. The necrophage hits you.
* * * LOW HITPOINT WARNING * * *
The hobgoblin hits you from afar with a trident.
You take 2 damage, and have 5/41 hp.
You hit the adder. You hit the necrophage. You closely miss the orc.
The adder barely misses you. The necrophage misses you.
The hobgoblin hits you from afar with a trident!
You die...

#..# * *, #..#
** #..## * ,
#...# , * #.#.#
#########.#...
...o....#.##..#
.....oo...# ..#
* .....oS@###
..# .....gn.#
..# ........# *
.# ........#
######### *


You could see a necrophage, an adder, 4 orcs and a hobgoblin.

Vanquished Creatures
  3 adders
  2 oozes (D:2)
  2 dart slugs
  3 leopard geckos
  3 bats
  5 giant cockroaches
  8 goblins
  11 hobgoblins
  13 jackals
  7 kobolds
  2 quokkas
  5 frilled lizards
  6 rats
70 creatures vanquished.

Notes
Turn   | Place    | Note
-------+----------+-------------------------------------------
     0 | D:1      | Irenicus the Deep Dwarf Monk began the quest for the Orb.
     0 | D:1      | Reached XP level 1. HP: 20/20 MP: 1/1
   220 | D:1      | Reached XP level 2. HP: 22/27 MP: 2/2
   448 | D:2      | Reached skill level 3 in Stealth
   460 | D:2      | Reached skill level 3 in Fighting
   467 | D:2      | HP: 7/28 [jackal (1)]
   468 | D:2      | Reached XP level 3. HP: 8/34 MP: 3/3
   526 | D:2      | HP: 4/34 [jackal (1)]
   570 | D:2      | Reached skill level 4 in Axes
   796 | D:1      | Reached XP level 4. HP: 15/42 MP: 3/3
  1046 | D:2      | Noticed Terence
  1104 | D:2      | HP: 10/42 [goblin/rapier (1)]
  1177 | D:2      | HP: 9/42 [adder (1)]
  1179 | D:2      | HP: 4/42 [adder (2)]
  1193 | D:2      | Reached skill level 5 in Axes
  1240 | D:3      | HP: 10/42 [leopard gecko (2)]
  1248 | D:3      | HP: 6/42 [adder (3)]
  1289 | D:3      | HP: 1/42 [hobgoblin/club (5)]
  1316 | D:3      | Noticed a necrophage
  1329 | D:3      | HP: 7/41 [hobgoblin/trident (9)]
  1331 | D:3      | Slain by a hobgoblin

Skill      XL: |  1  2  3  4 |
---------------+-------------+-----
Stealth        | 3 |  3.1
Fighting       | 3 |  3.0
Axes           | 4 5 |  5.3
Dodging        | |  3.6

Action                   |  1- 3 |  4- 6 || total
-------------------------+-------+-------++-------
Melee: Hand axe          |   146 |    96 ||   242
 Abil: Heal Wounds       |     2 |     3 ||     5
  Use: Scroll            |       |     1 ||     1
 Stab: Sleeping          |     6 |     3 ||     9
  Eat: Chunk             |       |     1 ||     1
Armor: Robe              |    18 |    21 ||    39
Dodge: Dodged            |   109 |    89 ||   198

Vault maps used:
D:1:      wheals_arrival_linesprint, minmay_pentomino_p2
D:2:      uniq_terence, uniq_sigmund

Table legend:
 A = Turns spent in this place as a percentage of turns spent in the entire game.
 B = Non-inter-level travel turns spent in this place as a percentage of non-inter-level travel turns spent in the entire game.
 C = Inter-level travel turns spent in this place as a percentage of turns spent in this place.
 D = Turns resting spent in this place as a percentage of non-inter-level travel turns spent in this place.
 E = Turns spent auto-exploring this place as a percentage of non-inter-level travel turns spent in this place.
 F = Non-inter-level travel turns spent in this place divided by the number of levels of this place that you've seen.
                   A       B       C       D       E      F
               +-------+-------+-------+-------+-------+----------------------
         Total | 100.0 | 100.0 |   0.0 |   0.0 |   0.0 | 443.7
       Dungeon | 100.0 | 100.0 |   0.0 |   0.0 |   0.0 | 443.7
               +-------+-------+-------+-------+-------+----------------------

Table legend:
 A = Kills in this place as a percentage of kills in entire the game.
 B = Kills by you in this place as a percentage of kills by you in the entire game.
 C = Kills by friends in this place as a percentage of kills by friends in the entire game.
 D = Other kills in this place as a percentage of other kills in the entire game.
 E = Experience gained in this place as a percentage of experience gained in the entire game.
 F = Experience gained in this place divided by the number of levels of this place that you have seen.
                   A       B       C       D       E      F
               +-------+-------+-------+-------+-------+----------------------
         Total | 100.0 | 100.0 |   N/A |   N/A | 100.0 |  57.3
       Dungeon | 100.0 | 100.0 |   N/A |   N/A | 100.0 |  57.3
               +-------+-------+-------+-------+-------+----------------------
